 Dungeon Crawl Stone Soup version 0.31-a0-771-g505c3d19dc (webtiles) character file.

Game seed: 476535933977389059

111 bobo the Changeling (level 4, 19/19 HPs)
             Began as a Felid Shapeshifter on Sept 16, 2023.
             Quit the game in a sewer.
             The game lasted 00:04:42 (1778 turns).

bobo the Changeling (Felid Shapeshifter)            Turns: 1778, Time: 00:04:42

Health: 19/19      AC:  1    Str: 12    XL:     4   Next: 62%
Magic:  5/5        EV: 19    Int: 11    God:
Gold:   72         SH:  0    Dex: 21    Spells: 3/3 levels left
                                        Lives:  0   Deaths: 2

rFire   . .          .
                       - Unarmed
rCold   . . .        (shield unavailable)
rNeg    . . .        (body armour unavailable)
rPois   .            (helmet unavailable)
rElec   .            (cloak unavailable)
rCorr   .            (gloves unavailable)
SInv    +            (boots unavailable)
Will    +....        (no amulet)
Stlth   ++           h - +6 ring of dexterity
HPRegen 0.23/turn    n - ring of willpower
MPRegen 0.09/turn

%: no passive effects
@: beast-form, quick
A: beast (slay +2), very small, claws 1, fangs 3, see invisible, speed 1, shaggy
fur 1, stealthy paws, no weapons or thrown items, no armour, multi-lived
a: Begin Untransformation


You were in a sewer.
You were a hulking beast.
You visited 1 branch of the dungeon, and saw 3 of its levels.
You also visited: Sewer.

You collected 72 gold pieces.

Inventory:

Jewellery
 h - a +6 ring of dexterity (left paw)
 n - a ring of willpower (right paw)
 r - a ring of poison resistance
Talismans
 b - a beast talisman (active)
 c - a flux talisman
Scrolls
 e - a scroll of fog
 g - a scroll of noise {unknown}
 i - a scroll of enchant weapon {unknown}
 l - a scroll of revelation {unknown}
 o - a scroll of vulnerability {unknown}
 q - a scroll of teleportation {unknown}
Potions
 a - a potion of lignification
 d - 3 potions of attraction
 k - a potion of ambrosia {unknown}
 m - a potion of heal wounds {unknown}
 p - a potion of haste {unknown}
 s - a potion of resistance {unknown}


   Skills:
 + Level 2.1 Fighting
 + Level 3.7 Dodging
 + Level 2.4 Stealth
 + Level 3.6 Unarmed Combat
 + Level 3.8 Shapeshifting


You had 3 spell levels left.
You didn't know any spells.
Your spell library contained the following spells:

 Spells                   Type           Power      Damage    Failure   Level
 Apportation              Tloc           0%         N/A       34%         1
 Necrotise                Necr           0%         1d4       34%         1
 Slow                     Hex            0%         N/A       34%         1
 Summon Small Mammal      Summ           0%         N/A       34%         1
 Lesser Beckoning         Tloc           0%         N/A       47%         2
 Confusing Touch          Hex            0%         N/A       71%         3
 Gell's Gravitas          Tloc           0%         N/A       71%         3
 Hailstorm                Conj/Ice       0%         3d3       71%         3
 Sigil of Binding         Hex            0%         N/A       71%         3
 Teleport Other           Tloc           0%         N/A       71%         3
 Vampiric Draining        Necr           0%         2d6       71%         3
 Summon Ice Beast         Ice/Summ       0%         N/A       98%         4
 Simulacrum               Ice/Necr       0%         N/A       100%        6


Dungeon Overview and Level Annotations

Branches:
Dungeon (3/15)              Sewer (1/1)

Altars:


Innate Abilities, Weirdness & Mutations

You are a hulking beast.
Your limbs bulge with bestial killing power. (Slay +2)
You have sharp claws.
You have razor-sharp teeth.
You have supernaturally acute eyesight. (SInv)
You cover ground quickly. (Speed+)
You are covered in fur. (AC +1)
Your paws help you pounce on unaware monsters.
You are incapable of wielding weapons or throwing items.
You cannot wear armour.
You gain extra lives every three experience levels.


Message History

Your shape twists and changes as you die.
You rejoin the land of the living...
The kobold brigand throws a poisoned dart.
The poisoned dart misses you.
Okay, then.
Unknown command.
Okay, then.
As you read the scroll labelled UCKISO ZIUMOEF, it crumbles to dust.
It is a scroll of amnesia.
You feel forgetful for a moment.
The kobold brigand throws a poisoned dart.
The poisoned dart hits you!
You are poisoned.
You feel sick. The kobold closely misses you.
The kobold brigand hits you with a +0 club!
You scratch the kobold brigand.
The kobold brigand is severely wounded.
You feel sick.
The kobold hits you with a +0 short sword.
The kobold brigand closely misses you.
You scratch the kobold brigand but do no damage.
You bite the kobold brigand, but do no damage.
The kobold brigand is severely wounded.
You feel sick. The kobold barely misses you.
The kobold brigand closely misses you. The kobold hits you but does no damage.
You scratch the kobold brigand.
The kobold brigand is severely wounded.
You feel sick. The kobold barely misses you.
The kobold brigand hits you with a +0 club.
* * * LOW HITPOINT WARNING * * *
The kobold closely misses you.
You scratch the kobold brigand.
The kobold brigand is almost dead.
You die...
Your shape twists and changes as you die.
You feel sick.
You rejoin the land of the living...
Welcome back, bobo the Felid Shapeshifter.
Press ? for a list of commands and other information.
Are you sure you want to abandon this character and quit the game? (Confirm with "yes".)

~~≈
≈≈≈≈≈≈~~~~≈≈...........~~≈≈≈≈≈≈≈≈
≈≈≈≈≈≈≈≈≈≈≈≈~≈~~≈~≈~~≈~~≈≈≈≈≈≈≈≈≈
≈≈≈≈≈≈≈≈≈≈≈≈≈≈~~≈≈~≈≈≈≈≈≈≈≈≈≈≈≈≈≈
≈≈≈≈≈≈≈≈≈≈≈~~~.......~~≈≈≈≈≈≈≈≈≈≈
≈≈≈≈≈≈≈~~~~...........≈~~~≈~~≈~≈~
≈≈≈≈~~~≈........................≈
.K...............................
.K†.............h................
.K......................†##......
...............##......†#####...†
##..###......#####..##...######..
#### ##...######..#####..∩# ###
##### #∩..## ##### #####


There were no monsters in sight!

Vanquished Creatures
  Terence (D:2)
  An adder (D:2)
  4 river rats
  2 worms (D:2)
  A dart slug (D:2)
  2 bats
  An endoplasm (D:3)
  A goblin (D:2)
  2 hobgoblins
  7 jackals (D:2)
  4 kobolds
  A quokka (D:1)
  A ball python (D:1)
  8 rats
36 creatures vanquished.

Notes
Turn   | Place    | Note
-------+----------+-------------------------------------------
     0 | D:1      | bobo the Felid Shapeshifter began the quest for the Orb.
     0 | D:1      | Reached XP level 1. HP: 9/9 MP: 2/2
   629 | D:2      | Reached XP level 2. HP: 12/12 MP: 3/3
   711 | D:2      | Reached skill level 1 in Stealth
   817 | D:2      | Noticed Terence
   835 | D:2      | Killed Terence
   836 | D:2      | Reached XP level 3. HP: 5/16 MP: 4/4
  1505 | D:3      | Reached XP level 4. HP: 19/19 MP: 5/5
  1633 | D:3      | Found a glowing drain.
  1637 | Sewer    | Entered a sewer
  1757 | Sewer    | Noticed a kobold brigand
  1762 | Sewer    | Slain by a kobold brigand
  1777 | Sewer    | Succumbed to a kobold brigand's poison
  1778 | Sewer    | Upgraded the game from 0.31-a0-765-g67fe2935dc to
                  | 0.31-a0-771-g505c3d19dc
  1778 | Sewer    | Quit the game

Illustrated notes

Levels and vault maps discovered:
D:1:      matt_arrival_diagonals, layout_loops_ring, minmay_pentomino_p2
D:2:      layout_loops_ring, uniq_terence
D:3:      layout_loops_cross, gup_sewer_entry_bowl
Sewer:    sewer_minmay_treatment

Skill      XL: |  1  2  3  4 |
---------------+-------------+-----
Dodging        | 3 |  3.7
Stealth        | 1 2 |  2.4
Fighting       | 2 |  2.1
Unarmed Combat | |  3.6
Shapeshifting  | |  3.8

Action                     |  1- 3 |  4- 6 || total
---------------------------+-------+-------++-------
  Melee: Unarmed           |    65 |    35 ||   100
         Bite              |     4 |     3 ||     7
         Punch             |     1 |       ||     1
    Use: Potion            |     1 |     1 ||     2
         Scroll            |     3 |     1 ||     4
   Stab: Sleeping          |     2 |     1 ||     3
         Invisible         |       |     1 ||     1
 Armour: Skin              |    19 |    15 ||    34
  Dodge: Dodged            |    34 |    22 ||    56

Table legend: (Time is in decaauts)
 A = Elapsed time spent in this place.
 B = Non-inter-level travel time spent in this place.
 C = Inter-level travel time spent in this place.
 D = Time resting spent in this place.
 E = Time spent auto-exploring this place.
 F = Levels seen in this place.
 G = Mean time per level.
                   A        B        C        D        E       F      G
               +--------+--------+--------+--------+--------+-----+--------+
         Total |   1485 |   1431 |     54 |    136 |   1014 |   4 |  371.2 |
       Dungeon |   1366 |   1312 |     54 |    131 |    965 |   3 |  455.3 |
         Sewer |    118 |    118 |      0 |      5 |     48 |   1 |  118.0 |
               +--------+--------+--------+--------+--------+-----+--------+

Top non-repeatable levels by time:
     D:2: 673 daAuts
     D:1: 491 daAuts
     D:3: 202 daAuts
   Sewer: 118 daAuts
